 Dungeon Crawl Stone Soup version 0.29.0-4-gdea44cf6ec (webtiles) character file.

Game seed: 10055316852383608818

9773 qw the Cleaver (level 11, 0/94 HPs)
             Began as a Minotaur Berserker on Sept 9, 2022.
             Was an Elder of Trog.
             Slain by a yak (7 damage)
             ... on level 11 of the Dungeon.
             The game lasted 00:04:14 (12402 turns).

qw the Cleaver (Minotaur Berserker)                Turns: 12402, Time: 00:04:14

Health: 0/94       AC: 20    Str: 26    XL:     11   Next: 27%
Magic:  10/10      EV:  9    Int:  4    God:    Trog [****..]
Gold:   260        SH: 12    Dex: 16    Spells: 10/10 levels left

rFire   . . .      SeeInvis .   Y - +1 broad axe
rCold   + . .      Faith    .   j - +0 kite shield
rNeg    . . .      Spirit   .   w - +0 plate armour
rPois   .          Reflect  .   (helmet restricted)
rElec   .          Harm     .   c - +0 cloak
rCorr   .          Rampage  .   m - +0 pair of gloves
Will    .....                   f - +2 pair of boots
Stlth   ..........              s - amulet of the acrobat
HPRegen 0.25/turn               g - ring of protection from cold
MPRegen 0.12/turn               d - +6 ring of dexterity

@: on berserk cooldown, slowed, very slow
A: horns 2, retaliatory headbutt, iridescent scales 1, wild magic 1
a: Renounce Religion, Berserk, Trog's Hand, Brothers in Arms


You were on level 11 of the Dungeon.
You worshipped Trog.
Trog was greatly pleased with you.
You visited 1 branch of the dungeon, and saw 11 of its levels.

You collected 576 gold pieces.
You spent 316 gold pieces at shops.


Innate Abilities, Weirdness & Mutations

You have a pair of horns on your head.
You reflexively headbutt those who attack you in melee.
You are partially covered in iridescent scales. (AC +2)
Your spells are a little harder to cast, but a little more powerful.


   Skills:
 - Level 8.2 Fighting
 - Level 14.7 Axes
 - Level 1.2 Throwing
 + Level 6.5 Armour
 - Level 6.5 Dodging
 - Level 10.0 Shields


You had 10 spell levels left.
You didn't know any spells.
Your spell library was empty.

Inventory:

Hand Weapons
 v - a +3 flail of protection
 Y - a +1 broad axe (weapon)
Missiles
 h - 3 boomerangs (quivered)
Armour
 c - a +0 cloak (worn)
 f - a +2 pair of boots (worn)
 j - a +0 kite shield (worn)
 m - a +0 pair of gloves (worn)
 w - a +0 plate armour (worn)
Jewellery
 d - a +6 ring of dexterity (right hand)
 g - a ring of protection from cold (left hand)
 i - a ring of positive energy
 s - an amulet of the acrobat (around neck)
Scrolls
 a - 5 scrolls of teleportation
 e - a scroll of identify
Potions
 b - a potion of might
 k - a potion of ambrosia {unknown}
 l - a potion of mutation
 n - a potion of cancellation {unknown}
 o - a potion of magic {unknown}
 q - a potion of heal wounds
 r - a potion of haste {unknown}
 u - a potion of degeneration

Dungeon Overview and Level Annotations

Branches:
Dungeon (11/15)            Temple (0/1) D:5
   Lair: D:8-11         Orc: D:9-12

Altars:
Elyvilon
Fedhas
Gozag
Hepliaklqana
Nemelex Xobeh
Okawaru
Qazlal
Ru
Sif Muna
Uskayaw
Vehumet
Zin

Shops:
D:2 *   D:7 (

Annotations:
D:9 3 runed translucent doors, qw's ghost, novice GrBe


Message History

You hit the yak but do no damage. You hit the yak. You closely miss the yak.
You hit the yak. The yak gores you but does no damage.
You block the yak's attack. x2
An orc wizard comes into view. It is wielding a +0 club.
The yak barely misses you.
The orc wizard shouts!
You slash the yak! You headbutt the yak!
The yak is severely wounded.
You slash the yak! You completely miss the yak. You hit the yak.
You hear a shout!
The yak gores you!
The yak gores you. x2; The yak gores you but does no damage.
The yak closely misses you.
An orc comes into view. It is wielding a +0 war axe.
The yak barely misses you. You furiously retaliate!
You headbutt the yak. The yak gores you but does no damage.
The yak barely misses you.
12401 ||| INVOKING Brothers in Arms.
Your two-headed ogre goes berserk!
Trog will no longer gift you weapons.
The orc shouts!
The yak gores you but does no damage. The yak closely misses you.
You furiously retaliate!
You headbutt the yak!
The yak gores you but does no damage. x2; The orc hits you but does no damage.
You slash the yak! You headbutt the yak!
You kill the yak!
Trog accepts your kill.
You slash the yak! You hit the yak. You closely miss the orc.
You barely miss the yak.
Your two-headed ogre closely misses the orc.
Your two-headed ogre hits the orc with a +0 dire flail!
The orc dies!
Trog accepts your kill. You block the yak's attack. The yak gores you!
The yak gores you but does no damage.
An orc priest comes into view. It is wielding a +0 short sword.
The orc hits you with a +0 hand axe.
The orc completely misses your two-headed ogre.
The yak gores you but does no damage.
The orc priest invokes the aid of Beogh against you.
Beogh smites you! The yak gores you! x2
You die...

#..... #..... .....
...################
#..#...............
#..#..#....O.......
#..#.)#)...)o...o.o
######^...))))..@Y.o....
....<.).#..)))..YY##....
#########.....[....... .
#..............
###############


You could see 3 yaks, an orc priest, an orc wizard, 2 orcs and a friendly
two-headed ogre (summoned, berserk).

Vanquished Creatures
  2 two-headed ogres
  Pikel (D:7)
  Maurice (D:10)
  Psyche (D:8)
  A troll (D:10)
  Grinder (D:6)
  A hornet (D:9)
  Sigmund (D:6)
  A wraith (D:9)
  3 wyverns
  5 yaks
  3 steam dragons
  Grum (D:8)
  Menkaure (D:4)
  2 acid dragons (D:9)
  A water moccasin (D:9)
  Duvessa (D:6)
  A sky beast (D:7)
  2 black bears
  3 orc warriors
  2 ice beasts (D:7)
  6 centaurs
  4 wolves (D:8)
  An elf zombie (D:6)
  4 kobold brigands
  A bullfrog (D:7)
  2 gnoll sergeants
  A scorpion (D:7)
  4 elf skeletons (D:6)
  A necrophage (D:4)
  7 wights (D:9)
  Dowan (D:6)
  10 killer bees
  A gnoll bouda (D:5)
  5 orc priests
  6 hounds
  A jelly (D:5)
  2 human zombies (D:6)
  2 human skeletons (D:6)
  2 iguanas
  14 orc wizards
  Robin (D:3)
  17 gnolls
  8 adders
  2 white imps
  2 ufetubi (D:6)
  A worm (D:4)
  4 dart slugs
  43 orcs
  10 endoplasms
  2 giant cockroaches
  18 goblins
  10 hobgoblins
  10 jackals
  25 kobolds
  4 quokkas
  3 ball pythons
  5 bats
  2 frilled lizards
  2 orc skeletons (D:6)
  4 rats (D:1)
283 creatures vanquished.

Vanquished Creatures (collateral kills)
  An orc (D:11)
1 creature vanquished.

Vanquished Creatures (others)
  4 fungi (D:3)
4 creatures vanquished.

Grand Total: 288 creatures vanquished

Notes
Turn   | Place    | Note
-------+----------+-------------------------------------------
     0 | D:1      | qw the Minotaur Berserker began the quest for the Orb.
     0 | D:1      | Reached XP level 1. HP: 19/19 MP: 0/0
     0 | D:1      | 0 ||| qw: Version: 0.1-a-113-g051387a
     0 | D:1      | 0 ||| qw: Game counter: 7250
     0 | D:1      | 0 ||| qw: Always use a shield: true
     0 | D:1      | 0 ||| qw: Do Orc after D:15 true
     0 | D:1      | 0 ||| qw: Do second Lair branch before Depths: true
     0 | D:1      | 0 ||| qw: Lair rune preference: random
     0 | D:1      | 0 ||| qw: Plans: Normal
     0 | D:1      | 0 ||| PLANNING D:1-11
   160 | D:1      | 160 ||| Stepping ~*~*~tactically~*~*~ (stealth).
   166 | D:1      | 166 ||| Stepping ~*~*~tactically~*~*~ (stealth).
   167 | D:1      | 167 ||| Stepping ~*~*~tactically~*~*~ (stealth).
   170 | D:1      | 170 ||| Stepping ~*~*~tactically~*~*~ (stealth).
   181 | D:1      | 181 ||| INVOKING Berserk.
   406 | D:1      | Reached skill level 4 in Axes
   496 | D:1      | Reached XP level 2. HP: 26/26 MP: 1/1
   998 | D:1      | Reached skill level 5 in Axes
  1343 | D:1      | 1343 ||| UPGRADING to +0 chain mail.
  1353 | D:1      | 1353 ||| DROPPING +0 animal skin.
  1354 | D:1      | 1354 ||| READING scroll labelled OXZUID FEGH.
  1355 | D:1      | 1355 ||| READING scroll labelled MOUCOK ZOPPYDD.
  1356 | D:1      | 1356 ||| READING scroll labelled SOLOAG VUNOFEE.
  1357 | D:1      | 1357 ||| READING scroll labelled FESTOYTSAMN.
  1530 | D:2      | 1530 ||| Stepping ~*~*~tactically~*~*~ (hiding).
  1533 | D:2      | 1533 ||| Stepping ~*~*~tactically~*~*~ (hiding).
  1543 | D:2      | Reached XP level 3. HP: 30/31 MP: 2/2
  1562 | D:2      | Found Zuythe's General Store.
  1573 | D:2      | 1573 ||| SHOPLISTING +1 cloak of preservation (181 gold,
                  | have 75).
  1573 | D:2      | 1573 ||| SHOPLISTING +2 plate armour of poison resistance
                  | (407 gold, have 75).
  1573 | D:2      | 1573 ||| BUYING scroll of teleportation (33 gold).
  1573 | D:2      | Bought a scroll of teleportation for 33 gold pieces
  1644 | D:2      | 1644 ||| SWAPPING to +1 war axe of electrocution.
  1645 | D:2      | 1645 ||| DROPPING +0 hand axe.
  1983 | D:2      | Reached ** piety under Trog
  2247 | D:2      | Found a faded altar of an unknown god.
  2436 | D:2      | 2436 ||| READING scroll labelled BOREMO KYC LOI.
  2437 | D:2      | 2437 ||| READING scroll labelled QES OGORAU.
  2504 | D:3      | Reached skill level 6 in Axes
  2504 | D:3      | Reached XP level 4. HP: 39/39 MP: 3/3
  2633 | D:3      | 2633 ||| Stepping ~*~*~tactically~*~*~ (stealth).
  2702 | D:3      | Found an iron altar of Okawaru.
  2713 | D:3      | 2713 ||| FLEEEEING.
  2714 | D:3      | 2714 ||| FLEEEEING.
  2715 | D:3      | 2715 ||| FLEEEEING.
  2716 | D:3      | 2716 ||| FLEEEEING.
  2717 | D:3      | 2717 ||| FLEEEEING.
  2718 | D:3      | 2718 ||| FLEEEEING.
  2719 | D:3      | 2719 ||| FLEEEEING.
  2720 | D:3      | 2720 ||| FLEEEEING.
  2790 | D:3      | 2790 ||| FLEEEEING.
  2791 | D:3      | 2791 ||| FLEEEEING.
  2792 | D:3      | 2792 ||| FLEEEEING.
  2793 | D:3      | 2793 ||| FLEEEEING.
  2794 | D:3      | 2794 ||| FLEEEEING.
  2795 | D:3      | 2795 ||| FLEEEEING.
  2844 | D:3      | 2844 ||| FLEEEEING.
  2845 | D:3      | 2845 ||| FLEEEEING.
  2846 | D:3      | 2846 ||| FLEEEEING.
  2847 | D:3      | 2847 ||| FLEEEEING.
  2848 | D:3      | 2848 ||| FLEEEEING.
  2849 | D:3      | 2849 ||| FLEEEEING.
  2914 | D:3      | 2914 ||| FLEEEEING.
  2915 | D:3      | 2915 ||| FLEEEEING.
  2916 | D:3      | 2916 ||| FLEEEEING.
  2917 | D:3      | 2917 ||| FLEEEEING.
  2918 | D:3      | 2918 ||| FLEEEEING.
  2919 | D:3      | 2919 ||| FLEEEEING.
  2920 | D:3      | 2920 ||| FLEEEEING.
  2973 | D:3      | 2973 ||| FLEEEEING.
  2974 | D:3      | 2974 ||| FLEEEEING.
  3001 | D:3      | 3001 ||| FLEEEEING.
  3002 | D:3      | 3002 ||| FLEEEEING.
  3003 | D:3      | 3003 ||| FLEEEEING.
  3004 | D:3      | 3004 ||| FLEEEEING.
  3005 | D:3      | 3005 ||| FLEEEEING.
  3006 | D:3      | 3006 ||| FLEEEEING.
  3007 | D:3      | 3007 ||| FLEEEEING.
  3008 | D:3      | 3008 ||| FLEEEEING.
  3095 | D:3      | 3095 ||| FLEEEEING.
  3096 | D:3      | 3096 ||| FLEEEEING.
  3097 | D:3      | 3097 ||| FLEEEEING.
  3098 | D:3      | 3098 ||| FLEEEEING.
  3099 | D:3      | 3099 ||| FLEEEEING.
  3100 | D:3      | 3100 ||| FLEEEEING.
  3101 | D:3      | 3101 ||| FLEEEEING.
  3102 | D:3      | 3102 ||| FLEEEEING.
  3251 | D:3      | 3251 ||| DROPPING +0 whip.
  3302 | D:3      | Noticed Robin
  3303 | D:3      | Found a shimmering blue altar of Sif Muna.
  3308 | D:3      | 3308 ||| INVOKING Berserk.
  3311 | D:3      | Killed Robin
  3321 | D:3      | Reached XP level 5. HP: 45/45 MP: 4/4
  3482 | D:3      | 3482 ||| Stepping ~*~*~tactically~*~*~ (stealth).
  3485 | D:3      | Reached skill level 7 in Axes
  3531 | D:3      | 3531 ||| Stepping ~*~*~tactically~*~*~ (stealth).
  3533 | D:3      | 3533 ||| Stepping ~*~*~tactically~*~*~ (stealth).
  3535 | D:3      | 3535 ||| Stepping ~*~*~tactically~*~*~ (stealth).
  3542 | D:3      | 3542 ||| Stepping ~*~*~tactically~*~*~ (stealth).
  3557 | D:3      | Found a glowing silver altar of Zin.
  3666 | D:3      | 3666 ||| FLEEEEING.
  3667 | D:3      | 3667 ||| FLEEEEING.
  3668 | D:3      | 3668 ||| FLEEEEING.
  3669 | D:3      | 3669 ||| FLEEEEING.
  3670 | D:3      | 3670 ||| FLEEEEING.
  3673 | D:3      | 3673 ||| FLEEEEING.
  3675 | D:3      | 3675 ||| FLEEEEING.
  3677 | D:3      | 3677 ||| STAIRDANCE
  3807 | D:2      | 3807 ||| UPGRADING to ring of positive energy.
  3808 | D:2      | 3808 ||| READING scroll labelled ZIKAFI KASAHUA.
  3837 | D:3      | Found a hide-covered altar of Uskayaw.
  4063 | D:4      | 4063 ||| Stepping ~*~*~tactically~*~*~ (hiding).
  4064 | D:4      | 4064 ||| Stepping ~*~*~tactically~*~*~ (hiding).
  4068 | D:4      | 4068 ||| Stepping ~*~*~tactically~*~*~ (hiding).
  4078 | D:4      | Reached *** piety under Trog
  4114 | D:4      | Noticed Menkaure
  4118 | D:4      | 4118 ||| INVOKING Berserk.
  4119 | D:4      | Killed Menkaure
  4120 | D:4      | Reached skill level 8 in Axes
  4120 | D:4      | Reached XP level 6. HP: 52/52 MP: 5/5
  4213 | D:4      | 4213 ||| INVOKING Berserk.
  4428 | D:4      | Reached skill level 9 in Axes
  4428 | D:4      | 4428 ||| Stepping ~*~*~tactically~*~*~ (hiding).
  4429 | D:4      | 4429 ||| Stepping ~*~*~tactically~*~*~ (stealth).
  4433 | D:4      | 4433 ||| Stepping ~*~*~tactically~*~*~ (hiding).
  4441 | D:4      | 4441 ||| INVOKING Berserk.
  4977 | D:4      | Found a blossoming altar of Fedhas.
  4993 | D:4      | 4993 ||| UPGRADING to +0 chain mail of willpower.
  5003 | D:4      | 5003 ||| DROPPING +0 chain mail.
  5004 | D:4      | 5004 ||| UPGRADING to +3 chain mail.
  5014 | D:4      | 5014 ||| DROPPING +0 chain mail of willpower.
  5015 | D:4      | 5015 ||| READING scroll labelled BENA DAUTEOCW.
  5016 | D:4      | 5016 ||| DRINKING 2 fizzy grey potions.
  5065 | D:4      | 5065 ||| DROPPING potion of lignification.
  5091 | D:5      | Entered Level 5 of the Dungeon
  5092 | D:5      | 5092 ||| PLANNING SEWER
  5125 | D:5      | 5125 ||| Stepping ~*~*~tactically~*~*~ (stealth).
  5135 | D:5      | Reached XP level 7. HP: 61/61 MP: 6/6
  5142 | D:5      | 5142 ||| Stepping ~*~*~tactically~*~*~ (stealth).
  5186 | D:5      | 5186 ||| INVOKING Berserk.
  5189 | D:5      | Reached skill level 3 in Armour
  5329 | D:5      | Found an opulent altar of Gozag.
  5446 | D:5      | 5446 ||| INVOKING Berserk.
  5511 | D:5      | 5511 ||| Stepping ~*~*~tactically~*~*~ (stealth).
  5521 | D:5      | 5521 ||| Stepping ~*~*~tactically~*~*~ (stealth).
  5540 | D:5      | 5540 ||| INVOKING Berserk.
  5545 | D:5      | Reached skill level 10 in Axes
  5696 | D:5      | Found a staircase to the Ecumenical Temple.
  5811 | D:5      | 5811 ||| RIP SEWER
  5827 | D:5      | 5827 ||| PLANNING D:1-11
  5963 | D:5      | 5963 ||| Stepping ~*~*~tactically~*~*~ (stealth).
  5967 | D:5      | 5967 ||| Stepping ~*~*~tactically~*~*~ (stealth).
  6188 | D:5      | 6188 ||| UPGRADING to +6 ring of dexterity.
  6189 | D:5      | 6189 ||| DRINKING 2 brown potions.
  6190 | D:5      | 6190 ||| DRINKING 2 blue potions.
  6191 | D:5      | 6191 ||| READING 2 scrolls of identify.
  6191 | D:5      | 6191 ||| IDENTIFYING bubbling brown potion
  6192 | D:5      | 6192 ||| DROPPING potion of brilliance.
  6227 | D:6      | 6227 ||| PLANNING OSSUARY
  6289 | D:6      | Found a white marble altar of Elyvilon.
  6299 | D:6      | 6299 ||| Stepping ~*~*~tactically~*~*~ (hiding).
  6315 | D:6      | Reached skill level 6 in Fighting
  6388 | D:6      | Noticed Sigmund
  6391 | D:6      | 6391 ||| INVOKING Berserk.
  6396 | D:6      | Killed Sigmund
  6397 | D:6      | Reached XP level 8. HP: 71/71 MP: 7/7
  6401 | D:6      | Noticed Grinder
  6402 | D:6      | 6402 ||| INVOKING Trog's Hand.
  6416 | D:6      | Killed Grinder
  6417 | D:6      | Reached skill level 11 in Axes
  6618 | D:6      | Found a stormy altar of Qazlal.
  6671 | D:6      | Noticed a two-headed ogre
  6675 | D:6      | 6675 ||| Stepping ~*~*~tactically~*~*~ (hiding).
  6676 | D:6      | 6676 ||| INVOKING Berserk.
  6679 | D:6      | Killed a two-headed ogre
  6680 | D:6      | Reached skill level 6 in Dodging
  6684 | D:6      | Noticed Duvessa
  6685 | D:6      | Reached XP level 9. HP: 77/77 MP: 8/8
  6686 | D:6      | Noticed Dowan
  6688 | D:6      | 6688 ||| Stepping ~*~*~tactically~*~*~ (hiding).
  6694 | D:6      | Killed Duvessa
  6694 | D:6      | Killed Dowan
  6695 | D:6      | Reached skill level 12 in Axes
  6917 | D:6      | 6917 ||| RIP OSSUARY
  6918 | D:6      | 6918 ||| PLANNING D:1-11
  7073 | D:6      | 7073 ||| Stepping ~*~*~tactically~*~*~ (stealth).
  7100 | D:6      | 7100 ||| Stepping ~*~*~tactically~*~*~ (stealth).
  7101 | D:6      | 7101 ||| Stepping ~*~*~tactically~*~*~ (stealth).
  7103 | D:6      | 7103 ||| Stepping ~*~*~tactically~*~*~ (stealth).
  7145 | D:6      | 7145 ||| Stepping ~*~*~tactically~*~*~ (hiding).
  7152 | D:6      | 7152 ||| INVOKING Berserk.
  7155 | D:6      | Reached **** piety under Trog
  7438 | D:6      | 7438 ||| UPGRADING to +0 kite shield.
  7443 | D:6      | 7443 ||| UPGRADING to amulet of the acrobat.
  7448 | D:6      | 7448 ||| READING scroll labelled POXKEL MYESIRCH.
  7449 | D:6      | 7449 ||| DRINKING 2 gluggy clear potions.
  7449 | D:6      | Gained mutation: You are partially covered in iridescent
                  | scales. (AC +2) [potion of mutation]
  7449 | D:6      | Gained mutation: Your spells are a little harder to cast,
                  | but a little more powerful. [potion of mutation]
  7482 | D:7      | 7482 ||| STAIRDANCE
  7497 | D:7      | Reached skill level 3 in Shields
  7517 | D:7      | 7517 ||| Stepping ~*~*~tactically~*~*~ (stealth).
  7518 | D:7      | 7518 ||| Stepping ~*~*~tactically~*~*~ (hiding).
  7617 | D:7      | Reached skill level 6 in Shields
  7658 | D:7      | 7658 ||| INVOKING Berserk.
  7761 | D:7      | Noticed Pikel
  7762 | D:7      | 7762 ||| Stepping ~*~*~tactically~*~*~ (stealth).
  7765 | D:7      | 7765 ||| Stepping ~*~*~tactically~*~*~ (stealth).
  7767 | D:7      | 7767 ||| INVOKING Berserk.
  7771 | D:7      | Killed Pikel
  7772 | D:7      | Reached XP level 10. HP: 86/86 MP: 9/9
  7906 | D:7      | 7906 ||| Stepping ~*~*~tactically~*~*~ (stealth).
  7912 | D:7      | 7912 ||| Stepping ~*~*~tactically~*~*~ (stealth).
  8037 | D:7      | Found Unleenareul's Antique Weapon Emporium.
  8055 | D:7      | 8055 ||| BUYING broad axe (108 gold).
  8055 | D:7      | Bought a broad axe for 108 gold pieces
  8055 | D:7      | 8055 ||| BUYING runed flail (175 gold).
  8055 | D:7      | Bought a runed flail for 175 gold pieces
  8055 | D:7      | 8055 ||| SWAPPING to +0 broad axe.
  8056 | D:7      | 8056 ||| DROPPING +0 flail.
  8057 | D:7      | 8057 ||| DROPPING +1 war axe of electrocution.
  8454 | D:7      | 8454 ||| UPGRADING to +0 pair of boots.
  8459 | D:7      | 8459 ||| DRINKING 2 red potions.
  8460 | D:7      | 8460 ||| READING 2 scrolls of identify.
  8460 | D:7      | 8460 ||| IDENTIFYING fuming clear potion
  8461 | D:7      | 8461 ||| DROPPING potion of berserk rage.
  8553 | D:8      | 8553 ||| Stepping ~*~*~tactically~*~*~ (hiding).
  8559 | D:8      | 8559 ||| INVOKING Berserk.
  8755 | D:8      | 8755 ||| Stepping ~*~*~tactically~*~*~ (stealth).
  8760 | D:8      | Reached skill level 9 in Shields
  8761 | D:8      | 8761 ||| Stepping ~*~*~tactically~*~*~ (stealth).
  8761 | D:8      | Noticed Grum
  8762 | D:8      | 8762 ||| Stepping ~*~*~tactically~*~*~ (hiding).
  8764 | D:8      | 8764 ||| INVOKING Berserk.
  8772 | D:8      | Reached skill level 13 in Axes
  8795 | D:8      | Killed Grum
  8829 | D:8      | 8829 ||| FLEEEEING.
  8831 | D:8      | 8831 ||| FLEEEEING.
  9032 | D:8      | 9032 ||| Stepping ~*~*~tactically~*~*~ (stealth).
  9044 | D:8      | 9044 ||| Stepping ~*~*~tactically~*~*~ (stealth).
  9094 | D:8      | Noticed Psyche
  9095 | D:8      | 9095 ||| Stepping ~*~*~tactically~*~*~ (hiding).
  9097 | D:8      | 9097 ||| Stepping ~*~*~tactically~*~*~ (hiding).
  9100 | D:8      | 9100 ||| INVOKING Berserk.
  9103 | D:8      | Killed Psyche
  9244 | D:8      | 9244 ||| Stepping ~*~*~tactically~*~*~ (hiding).
  9463 | D:8      | 9463 ||| Stepping ~*~*~tactically~*~*~ (hiding).
  9579 | D:8      | Reached skill level 1 in Throwing
  9579 | D:8      | Reached ***** piety under Trog
  9753 | D:8      | 9753 ||| Stepping ~*~*~tactically~*~*~ (stealth).
  9756 | D:8      | 9756 ||| Stepping ~*~*~tactically~*~*~ (stealth).
  9789 | D:8      | 9789 ||| READING scroll of enchant armour.
  9789 | D:8      | 9789 ||| ENCHANTING +0 pair of boots.
 10012 | D:8      | 10012 ||| READING 3 scrolls labelled VAXUDI GOMAAKK.
 10013 | D:8      | 10013 ||| READING scroll labelled MOTIRI UBBUA.
 10014 | D:8      | 10014 ||| READING 2 scrolls of identify.
 10014 | D:8      | 10014 ||| IDENTIFYING emerald potion
 10015 | D:8      | 10015 ||| DROPPING potion of invisibility.
 10016 | D:8      | 10016 ||| DROPPING 2 scrolls of vulnerability.
 10056 | D:9      | Found a runed translucent gate.
 10056 | D:9      | Found a runed translucent gate.
 10153 | D:9      | Found a sparkling altar of Nemelex Xobeh.
 10166 | D:9      | Found a runed translucent gate.
 10191 | D:9      | 10191 ||| Stepping ~*~*~tactically~*~*~ (hiding).
 10192 | D:9      | 10192 ||| Stepping ~*~*~tactically~*~*~ (hiding).
 10195 | D:9      | 10195 ||| INVOKING Berserk.
 10362 | D:9      | Reached skill level 14 in Axes
 10745 | D:9      | Found a hazy altar of Hepliaklqana.
 10813 | D:9      | Reached XP level 11. HP: 93/94 MP: 10/10
 10881 | D:9      | Found a radiant altar of Vehumet.
 10968 | D:9      | Noticed qw's ghost (novice GrBe)
 10971 | D:9      | 10971 ||| UPGRADING to ring of protection from cold.
 10973 | D:9      | 10973 ||| READING scroll labelled HOLELI UBEL.
 10974 | D:9      | 10974 ||| DRINKING 2 bubbling black potions.
 10975 | D:9      | 10975 ||| DROPPING potion of flight.
 10997 | D:10     | Entered Level 10 of the Dungeon
 11024 | D:10     | 11024 ||| READING scroll of enchant armour.
 11024 | D:10     | 11024 ||| ENCHANTING +1 pair of boots.
 11096 | D:10     | Noticed a two-headed ogre
 11099 | D:10     | 11099 ||| INVOKING Berserk.
 11103 | D:10     | Killed a two-headed ogre
 11248 | D:10     | 11248 ||| INVOKING Berserk.
 11481 | D:10     | Found a sacrificial altar of Ru.
 11502 | D:10     | Noticed Maurice
 11516 | D:10     | 11516 ||| DRINKING 3 potions of curing.
 11516 | D:10     | 11516 ||| (to cure confusion)
 11533 | D:10     | 11533 ||| DRINKING 2 potions of curing.
 11533 | D:10     | 11533 ||| (to cure poison)
 11543 | D:10     | 11543 ||| Stepping ~*~*~tactically~*~*~ (hiding).
 11545 | D:10     | 11545 ||| STAIRDANCE
 11772 | D:9      | 11772 ||| UPGRADING to +0 pair of gloves.
 11777 | D:9      | 11777 ||| UPGRADING to +0 plate armour.
 11787 | D:9      | 11787 ||| DROPPING +3 chain mail.
 11788 | D:9      | 11788 ||| READING scroll labelled QOWEFUT MAYSIS.
 11801 | D:10     | 11801 ||| STAIRDANCE
 11888 | D:10     | 11888 ||| INVOKING Berserk.
 11892 | D:10     | Killed Maurice
 12103 | D:10     | 12103 ||| Stepping ~*~*~tactically~*~*~ (hiding).
 12108 | D:10     | 12108 ||| INVOKING Berserk.
 12265 | D:10     | 12265 ||| Stepping ~*~*~tactically~*~*~ (hiding).
 12267 | D:10     | 12267 ||| Stepping ~*~*~tactically~*~*~ (hiding).
 12269 | D:10     | 12269 ||| Stepping ~*~*~tactically~*~*~ (hiding).
 12270 | D:10     | 12270 ||| Stepping ~*~*~tactically~*~*~ (hiding).
 12322 | D:10     | 12322 ||| UPGRADING to +0 cloak.
 12368 | D:11     | 12368 ||| Stepping ~*~*~tactically~*~*~ (stealth).
 12376 | D:11     | Reached skill level 6 in Armour
 12378 | D:11     | 12378 ||| DRINKING 2 potions of curing.
 12378 | D:11     | 12378 ||| (to cure confusion)
 12379 | D:11     | 12379 ||| DRINKING potion of curing.
 12379 | D:11     | 12379 ||| (to cure confusion)
 12381 | D:11     | 12381 ||| INVOKING Berserk.
 12401 | D:11     | 12401 ||| INVOKING Brothers in Arms.
 12402 | D:11     | HP: 14/94 [orc priest/divine providence (14)]
 12402 | D:11     | Slain by a yak

Levels and vault maps discovered:
D:1:      kennysheep_arrival_seaside, layout_basic, grunt_decor_resistance
D:2:      layout_basic, chequers_ecumenical_altar_lobes, serial_shops,
          nicolae_shop_window_shopping
D:3:      layout_loops_ring, mainiacjoe_overflow_tiny_flanked,
          mainiacjoe_overflow_alcove_1, mainiacjoe_overflow_boulevard,
          kennysheep_okawaru_gauntlet, nrook_campfire, uniq_robin
D:4:      layout_basic, fedhas_altar_fruit_tree, minmay_vboxes, uniq_menkaure
D:5:      layout_cave_pods, grunt_gozag_statues,
          minmay_temple_entry_drinking_statues, portal_sewer_entry_d
D:6:      layout_basic, amcnicky_altar_gilded, mainiacjoe_overflow_24_doors,
          nicolae_ossuary_entry_catacombs, uniq_duvessa, uniq_sigmund,
          uniq_grinder
D:7:      layout_rooms, serial_shops, shop, grunt_decor_mini_mirrors, uniq_pikel
D:8:      layout_basic, enter_bailey_2, serial_bayou_pond_e,
          nicolae_elevator_lobby_plus, uniq_grum, uniq_psyche
D:9:      layout_cross, nicolae_overflow_crystal_walls,
          nicolae_overflow_hidden_temple, nemelex_spade_bored_becter,
          ebering_ghost_rock_garden
D:10:     layout_rooms, nicolae_ru_great_annihilating_truth, uniq_maurice
D:11:     minmay_sliced_demisemicircle, layout_loops_ring, erik_orc_1,
          nicolae_uskayaw_dance_hall

Skill      XL: |  1  2  3  4  5  6  7  8  9 10 11 |
---------------+----------------------------------+-----
Axes           | 4 5 6 8 9 10 11 12 14 | 14.7
Fighting       | 4 5 6 7 8 |  8.2
Armour         | 3 4 5 6 |  6.5
Dodging        | 6 |  6.5
Shields        | 7 10 | 10.0
Throwing       | 1 |  1.2

Action                   |  1- 3 |  4- 6 |  7- 9 | 10-12 || total
-------------------------+-------+-------+-------+-------++-------
Melee: Hand axe          |    51 |       |       |       ||    51
       Headbutt          |     8 |    14 |    27 |    52 ||   101
       Punch             |     1 |       |     2 |       ||     3
       War axe           |    18 |   111 |   173 |    20 ||   322
       Broad axe         |       |       |       |   247 ||   247
       Unarmed           |       |       |       |    13 ||    13
Throw: Boomerang         |       |       |       |    31 ||    31
Invok: Berserk           |     1 |     4 |     8 |     9 ||    22
       Trog's Hand       |       |       |     1 |       ||     1
       Brothers in Arms  |       |       |       |     1 ||     1
  Use: Scroll            |     6 |     2 |     2 |     8 ||    18
       Potion            |       |     1 |     3 |     6 ||    10
 Stab: Confused          |       |       |       |     1 ||     1
       Paralysed         |       |       |       |     1 ||     1
Armor: Chain mail        |     6 |    75 |    71 |    59 ||   211
       Animal skin       |     1 |       |       |       ||     1
       Skin              |       |       |       |    18 ||    18
       Plate armour      |       |       |       |    41 ||    41
Dodge: Dodged            |    22 |    52 |    73 |   105 ||   252
Block: Kite shield       |       |       |    10 |   196 ||   206

Table legend:
 A = Non-vault XP
 B = Vault XP
 C = Vault XP percentage of total XP
 D = Non-vault monster count
 E = Vault monster count
 F = Vault count percentage of total count
                 A         B        C        D         E       F
            +---------+---------+-------+---------+---------+-------
      Total |   10289 |    3882 |  27.4 |     226 |      58 |  20.4
            +---------+---------+-------+---------+---------+-------
        D:1 |      39 |       0 |   0.0 |      24 |       0 |   0.0
        D:2 |      36 |       0 |   0.0 |      11 |       0 |   0.0
        D:3 |     120 |      38 |  24.1 |      25 |      13 |  34.2
        D:4 |     294 |     197 |  40.1 |      19 |       7 |  26.9
        D:5 |     443 |      13 |   2.9 |      20 |       1 |   4.8
        D:6 |    1949 |    1286 |  39.8 |      25 |      15 |  37.5
        D:7 |    1767 |     586 |  24.9 |      19 |       1 |   5.0
        D:8 |    1056 |    1024 |  49.2 |      36 |       6 |  14.3
        D:9 |    2501 |       0 |   0.0 |      33 |       0 |   0.0
       D:10 |    1533 |     512 |  25.0 |       7 |       5 |  41.7
       D:11 |     551 |     226 |  29.1 |       7 |      10 |  58.8
            +---------+---------+-------+---------+---------+-------
